TOP OF THE 1ST |
Kansas City Kings batting - Pitching for Springfield Stars : LHP José López
|
Pitching: LHP José López
|
|
Batting: RHB Adrian Prouse
|
0-0: Ball 1-0: Ball 2-0: Foul Ball, location: 2F 2-1: Swinging Strike 2-2: Strikes out looking
|
Batting: LHB Marc Nichols
|
0-0: Called Strike 0-1: Ball 1-1: Swinging Strike 1-2: Ball 2-2: SINGLE (Line Drive, 6MD)
|
Batting: RHB Toshimichi Kono
|
0-0: Called Strike 0-1: Ball 1-1: Called Strike 1-2: Fly out, F8 (Flyball, 8LD)
|
Batting: RHB Alonso Ramos
|
0-0: Called Strike 0-1: Ball 1-1: Called Strike 1-2: Ball 2-2: Strikes out swinging
|
Top of the 1st over - 0 run(s), 1 hit(s), 0 error(s), 1 left on base; Kansas City 0 - Springfield 0 |
BOTTOM OF THE 1ST |
Springfield Stars batting - Pitching for Kansas City Kings : LHP Jesús López
|
Pitching: LHP Jesús López
|
|
Batting: RHB Juan Rodríguez
|
0-0: Ball 1-0: Called Strike 1-1: Ball 2-1: Ball 3-1: Called Strike 3-2: Base on Balls
|
Batting: RHB Calvin Bennett
|
0-0: Ball 1-0: Called Strike 1-1: Foul Ball, location: 2F 1-2: Strikes out swinging
|
Batting: LHB César Valentín
|
0-0: Called Strike 0-1: Foul Ball, location: 2F 0-2: SINGLE (Groundball, 56) Juan Rodríguez to second
|
Batting: LHB Derek Davidson
|
0-0: Called Strike 0-1: Ball 1-1: Ball 2-1: Swinging Strike 2-2: SINGLE (Groundball, 34) Juan Rodríguez to third César Valentín to second Runner from 3rd tries for Home, SAFE, no throw or cutoff
|
Batting: LHB Felipe Guerrero
|
0-0: Ball 1-0: Ball César Valentín steals 3rd base Derek Davidson to second 2-0: Ball 3-0: Called Strike 3-1: Called Strike 3-2: Fly out, F7 (Popup, 7S)
|
Batting: RHB Miguel Salinas
|
0-0: Ball 1-0: Ball 2-0: Called Strike 2-1: Ground out 4-3 (Groundball, 13)
|
Bottom of the 1st over - 1 run(s), 2 hit(s), 0 error(s), 2 left on base; Kansas City 0 - Springfield 1 |
TOP OF THE 2ND |
Kansas City Kings batting - Pitching for Springfield Stars : LHP José López
|
Batting: SHB Greg Welch
|
0-0: Ground out 6-3 (Groundball, 6M)
|
Batting: LHB Vic Robertson
|
0-0: Called Strike 0-1: Fly out, F9 (Flyball, 89D)
|
Batting: RHB Shigemasa Ishida
|
0-0: Ball 1-0: Ground out 5-3 (Groundball, 56)
|
Top of the 2nd over - 0 run(s), 0 hit(s), 0 error(s), 0 left on base; Kansas City 0 - Springfield 1 |
BOTTOM OF THE 2ND |
Springfield Stars batting - Pitching for Kansas City Kings : LHP Jesús López
|
Batting: SHB David García
|
0-0: Called Strike 0-1: Ground out 1-3 (Groundball, 13S)
|
Batting: LHB Eduardo Alomar
|
0-0: Called Strike 0-1: Ball 1-1: Swinging Strike 1-2: Ball 2-2: Strikes out looking
|
Batting: RHB José Pinto
|
0-0: Ball 1-0: Fly out, F7 (Flyball, 78M)
|
Bottom of the 2nd over - 0 run(s), 0 hit(s), 0 error(s), 0 left on base; Kansas City 0 - Springfield 1 |
TOP OF THE 3RD |
Kansas City Kings batting - Pitching for Springfield Stars : LHP José López
|
Batting: RHB Domingo Ávila
|
0-0: Ball 1-0: Swinging Strike 1-1: Ball 2-1: Foul Ball, location: 2F 2-2: Ball 3-2: Strikes out looking
|
Batting: RHB Matt Richards
|
0-0: Called Strike 0-1: Called Strike 0-2: Strikes out swinging
|
Batting: RHB Adrian Prouse
|
0-0: Called Strike Reached via error on a dropped throw, E3
|
Batting: LHB Marc Nichols
|
0-0: Ball 1-0: Called Strike 1-1: Ball 2-1: SINGLE (Groundball, 4MD) Adrian Prouse to second Adrian Prouse to third
|
Batting: RHB Toshimichi Kono
|
0-0: Foul Ball, location: 2F 0-1: Swinging Strike 0-2: Ball 1-2: Strikes out swinging
|
Top of the 3rd over - 0 run(s), 1 hit(s), 1 error(s), 2 left on base; Kansas City 0 - Springfield 1 |
BOTTOM OF THE 3RD |
Springfield Stars batting - Pitching for Kansas City Kings : LHP Jesús López
|
Batting: RHB Juan Rodríguez
|
0-0: SINGLE (Groundball, 13) (infield hit)
|
Batting: RHB Calvin Bennett
|
0-0: Ball 1-0: Called Strike 1-1: Grounds into double play, 6-4-3 (Groundball, 6)
|
Batting: LHB César Valentín
|
0-0: Foul Ball, location: 2F 0-1: Foul Ball, location: 2F 0-2: Ball 1-2: Ball 2-2: Foul Ball, location: 2F 2-2: Ball 3-2: Base on Balls
|
Batting: LHB Derek Davidson
|
0-0: SINGLE (Groundball, 34D) César Valentín to second Runner from 2nd tries for 3rd, SAFE, throw made to third Derek Davidson to second
|
Batting: LHB Felipe Guerrero
|
0-0: Ball 1-0: Ball 2-0: Called Strike 2-1: Ball 3-1: Called Strike 3-2: SINGLE (Line Drive, 8LS) César Valentín scores Derek Davidson to third Derek Davidson scores
|
Batting: RHB Miguel Salinas
|
0-0: Ball 1-0: SINGLE (Flyball, 78S) Felipe Guerrero to second
|
Batting: SHB David García
|
0-0: Ball 1-0: Called Strike 1-1: DOUBLE (Flyball, 89D) Felipe Guerrero scores Miguel Salinas to third Runner from 3rd tries for Home, SAFE, no throw or cutoff
|
Batting: LHB Eduardo Alomar
|
0-0: Called Strike 0-1: Ball 1-1: DOUBLE (Groundball, 3L) David García scores
|
Batting: RHB José Pinto
|
0-0: Foul Ball, location: 2F 0-1: Ball 1-1: Foul Ball, location: 2F 1-2: SINGLE (Groundball, 56D) Eduardo Alomar to third Runner from 3rd tries for Home, SAFE, no throw or cutoff
|
Batting: RHB Juan Rodríguez
|
0-0: Ball 1-0: Ball 2-0: SINGLE (Line Drive, 34D) José Pinto to second
|
Batting: RHB Calvin Bennett
|
0-0: Ball 1-0: Swinging Strike 1-1: Foul Ball, location: 2F 1-2: Fielders Choice at 2nd, U6 (Groundball, 6M)
|
Bottom of the 3rd over - 6 run(s), 8 hit(s), 0 error(s), 2 left on base; Kansas City 0 - Springfield 7 |
TOP OF THE 4TH |
Kansas City Kings batting - Pitching for Springfield Stars : LHP José López
|
Batting: RHB Alonso Ramos
|
0-0: Called Strike 0-1: Ball 1-1: Called Strike 1-2: Strikes out swinging
|
Batting: SHB Greg Welch
|
0-0: Foul Ball, location: 2F 0-1: Ball 1-1: Swinging Strike 1-2: Ground out 6-3 (Groundball, 6)
|
Batting: LHB Vic Robertson
|
0-0: Swinging Strike 0-1: Swinging Strike 0-2: Ball 1-2: Strikes out looking
|
Top of the 4th over - 0 run(s), 0 hit(s), 0 error(s), 0 left on base; Kansas City 0 - Springfield 7 |
BOTTOM OF THE 4TH |
Springfield Stars batting - Pitching for Kansas City Kings : LHP Jesús López
|
Pitching: RHP Kyoshi Asano
|
|
Batting: LHB César Valentín
|
0-0: Ball 1-0: Ball 2-0: Called Strike 2-1: Foul Ball, location: 2F 2-2: Foul Ball, location: 2F 2-2: Ball 3-2: Base on Balls
|
Batting: LHB Derek Davidson
|
0-0: Fly out, F3 (Popup, 34S)
|
Batting: LHB Felipe Guerrero
|
0-0: Fielders Choice at 2nd, 4-6 (Groundball, 4)
|
Batting: RHB Miguel Salinas
|
0-0: Ball 1-0: Ball Felipe Guerrero steals 2nd base 2-0: Foul Ball, location: 2F 2-1: Foul Ball, location: 2F 2-2: Foul Ball, location: 2F 2-2: Strikes out swinging
|
Bottom of the 4th over - 0 run(s), 0 hit(s), 0 error(s), 1 left on base; Kansas City 0 - Springfield 7 |
TOP OF THE 5TH |
Kansas City Kings batting - Pitching for Springfield Stars : LHP José López
|
Batting: RHB Shigemasa Ishida
|
0-0: Called Strike 0-1: Ball 1-1: Swinging Strike 1-2: Strikes out swinging
|
Batting: RHB Domingo Ávila
|
0-0: Called Strike 0-1: Called Strike 0-2: Ball 1-2: Ball 2-2: Ball 3-2: SINGLE (Line Drive, 5)
|
Batting: RHB Matt Richards
|
0-0: Ball 1-0: Called Strike 1-1: Called Strike 1-2: Foul Ball, location: 2F 1-2: Strikes out swinging
|
Batting: RHB Adrian Prouse
|
0-0: SINGLE (Line Drive, 7S) Domingo Ávila to second
|
Batting: LHB Marc Nichols
|
0-0: Ball 1-0: Swinging Strike 1-1: Swinging Strike 1-2: Strikes out swinging
|
Top of the 5th over - 0 run(s), 2 hit(s), 0 error(s), 2 left on base; Kansas City 0 - Springfield 7 |
BOTTOM OF THE 5TH |
Springfield Stars batting - Pitching for Kansas City Kings : RHP Kyoshi Asano
|
Batting: SHB David García
|
0-0: Called Strike 0-1: Ground out 1-3 (Groundball, 15)
|
Batting: LHB Eduardo Alomar
|
0-0: Ball 1-0: Ball 2-0: Called Strike 2-1: Ground out 4-3 (Groundball, 4)
|
Batting: RHB José Pinto
|
0-0: Ball 1-0: Ground out 5-3 (Groundball, 5)
|
Bottom of the 5th over - 0 run(s), 0 hit(s), 0 error(s), 0 left on base; Kansas City 0 - Springfield 7 |
TOP OF THE 6TH |
Kansas City Kings batting - Pitching for Springfield Stars : LHP José López
|
Batting: RHB Toshimichi Kono
|
0-0: Foul Ball, location: 2F 0-1: Foul Ball, location: 2F 0-2: Ball 1-2: Ball 2-2: Strikes out swinging
|
Batting: RHB Alonso Ramos
|
0-0: Ball 1-0: Ball 2-0: Ball 3-0: Base on Balls
|
Batting: SHB Greg Welch
|
0-0: Called Strike Alonso Ramos steals 2nd base 0-1: Ball 1-1: Ground out 5-3 (Groundball, 56S) Alonso Ramos to third
|
Batting: LHB Vic Robertson
|
0-0: Ground out 4-3 (Groundball, 34)
|
Top of the 6th over - 0 run(s), 0 hit(s), 0 error(s), 1 left on base; Kansas City 0 - Springfield 7 |
BOTTOM OF THE 6TH |
Springfield Stars batting - Pitching for Kansas City Kings : RHP Kyoshi Asano
|
Batting: RHB Juan Rodríguez
|
0-0: Ball 1-0: Ground out 6-3 (Groundball, 6M)
|
Batting: RHB Calvin Bennett
|
0-0: SINGLE (Line Drive, 6MD)
|
Batting: LHB César Valentín
|
0-0: Ball 1-0: Ball 2-0: Ball 3-0: DOUBLE (Line Drive, 7LS) Calvin Bennett to third Runner from 3rd tries for Home, SAFE, no throw or cutoff
|
Batting: LHB Derek Davidson
|
0-0: Ball 1-0: Swinging Strike 1-1: Ball 2-1: Ball 3-1: Base on Balls
|
Batting: LHB Felipe Guerrero
|
0-0: Called Strike 0-1: Ball 1-1: Foul Ball, location: 2F 1-2: SINGLE (Line Drive, 34D) César Valentín to third Derek Davidson to second
|
Batting: RHB Miguel Salinas
|
0-0: Ball 1-0: Foul Ball, location: 2F 1-1: GRAND SLAM HOME RUN (Flyball, 7D), Distance : 385 ft
|
Pitching: LHP Leonardo Rodríguez
|
|
Batting: SHB David García
|
0-0: Called Strike 0-1: Foul Ball, location: 2F 0-2: Ball 1-2: Foul Ball, location: 2F 1-2: Fly out, F8 (Flyball, 8LD)
|
Batting: LHB Eduardo Alomar
|
0-0: Fly out, F7 (Flyball, 7D)
|
Bottom of the 6th over - 5 run(s), 4 hit(s), 0 error(s), 0 left on base; Kansas City 0 - Springfield 12 |
TOP OF THE 7TH |
Kansas City Kings batting - Pitching for Springfield Stars : LHP José López
|
Batting: RHB Shigemasa Ishida
|
0-0: Ball 1-0: Called Strike 1-1: Ball 2-1: Fly out, F8 (Flyball, 8LS)
|
Batting: RHB Domingo Ávila
|
0-0: Ball 1-0: Ball 2-0: Called Strike 2-1: Fly out, F7 (Line Drive, 7M)
|
Batting: RHB Matt Richards
|
0-0: Foul Ball, location: 2F 0-1: Ball 1-1: Swinging Strike 1-2: Strikes out swinging
|
Top of the 7th over - 0 run(s), 0 hit(s), 0 error(s), 0 left on base; Kansas City 0 - Springfield 12 |
BOTTOM OF THE 7TH |
Springfield Stars batting - Pitching for Kansas City Kings : LHP Leonardo Rodríguez
|
Batting: RHB José Pinto
|
0-0: Ball 1-0: Called Strike 1-1: Foul Ball, location: 2F 1-2: Foul Ball, location: 2F 1-2: Ball 2-2: Foul Ball, location: 2F 2-2: Fly out, F9 (Popup, 4D)
|
Batting: RHB Juan Rodríguez
|
0-0: Fly out, F9 (Flyball, 89S)
|
Batting: RHB Calvin Bennett
|
0-0: Called Strike 0-1: Ball 1-1: Foul Ball, location: 2F 1-2: Foul Ball, location: 2F 1-2: Ball 2-2: Foul Ball, location: 2F 2-2: Ball 3-2: Base on Balls
|
Batting: LHB César Valentín
|
0-0: Ball 1-0: Fielders Choice at 2nd, U6 (Groundball, 6M)
|
Bottom of the 7th over - 0 run(s), 0 hit(s), 0 error(s), 1 left on base; Kansas City 0 - Springfield 12 |
TOP OF THE 8TH |
Kansas City Kings batting - Pitching for Springfield Stars : LHP José López
|
Pitching: RHP José López
|
|
Now at 3B: Jesús Tobías
|
|
Batting: RHB Adrian Prouse
|
0-0: SINGLE (Line Drive, 4D)
|
Batting: LHB Marc Nichols
|
0-0: Foul Ball, location: 2F 0-1: Ball 1-1: Called Strike 1-2: Ball 2-2: Strikes out looking
|
Batting: RHB Toshimichi Kono
|
0-0: Ball 1-0: Swinging Strike 1-1: Ball 2-1: Foul Ball, location: 2F 2-2: SINGLE (Line Drive, 6MD) Adrian Prouse to second
|
Batting: RHB Alonso Ramos
|
0-0: Called Strike 0-1: Foul Ball, location: 2F 0-2: Ball 1-2: Ball 2-2: Strikes out swinging
|
Batting: SHB Greg Welch
|
0-0: Called Strike 0-1: Called Strike 0-2: Foul Ball, location: 2F 0-2: Ball 1-2: Fielders Choice at 2nd, 6-4 (Groundball, 56)
|
Top of the 8th over - 0 run(s), 2 hit(s), 0 error(s), 1 left on base; Kansas City 0 - Springfield 12 |
BOTTOM OF THE 8TH |
Springfield Stars batting - Pitching for Kansas City Kings : LHP Leonardo Rodríguez
|
Batting: LHB Derek Davidson
|
0-0: Ball 1-0: Called Strike 1-1: Ball 2-1: SINGLE (Groundball, 25) (infield hit)
|
Batting: LHB Felipe Guerrero
|
0-0: SINGLE (Groundball, 56D) Derek Davidson to second
|
Batting: RHB Miguel Salinas
|
0-0: Ball 1-0: Bunted foul 1-1: Sac Bunt - play at first, batter OUT! 1-4 Derek Davidson to third Felipe Guerrero to second
|
Pitching: RHP Larry Jackson
|
|
Batting: SHB David García
|
0-0: Called Strike 0-1: Foul Ball, location: 2F 0-2: Strikes out looking
|
Batting: LHB Eduardo Alomar
|
0-0: Called Strike 0-1: Called Strike 0-2: Ball 1-2: Ball 2-2: Ball 3-2: Base on Balls
|
Batting: RHB José Pinto
|
0-0: Called Strike 0-1: Fly out, F9 (Flyball, 9D)
|
Bottom of the 8th over - 0 run(s), 2 hit(s), 0 error(s), 3 left on base; Kansas City 0 - Springfield 12 |
TOP OF THE 9TH |
Kansas City Kings batting - Pitching for Springfield Stars : RHP José López
|
Batting: LHB Vic Robertson
|
0-0: Ball 1-0: Called Strike 1-1: Foul Ball, location: 2F 1-2: Ball 2-2: Strikes out swinging
|
Batting: RHB Shigemasa Ishida
|
0-0: Ball 1-0: Called Strike 1-1: Foul Ball, location: 2F 1-2: Ball 2-2: Strikes out swinging
|
Batting: RHB Domingo Ávila
|
0-0: Called Strike 0-1: Swinging Strike 0-2: Ball 1-2: Ball 2-2: Foul Ball, location: 2F 2-2: Foul Ball, location: 2F 2-2: Foul Ball, location: 2F 2-2: Ball 3-2: Strikes out swinging
|
Top of the 9th over - 0 run(s), 0 hit(s), 0 error(s), 0 left on base; Kansas City 0 - Springfield 12 |
|